 Dungeon Crawl Stone Soup version 0.20.0-7-g3b7b877 (webtiles) character file.

145 grindst0ne the Shield-Bearer (level 5, 0/44 HPs)
             Began as a Formicid Fighter on May 28, 2017.
             Slain by an orc warrior
             ... wielding a +0 mace
              (4 damage)
             ... on level 3 of the Dungeon on May 29, 2017.
             The game lasted 00:06:43 (2429 turns).

grindst0ne the Shield-Bearer (Formicid Fighter)     Turns: 2429, Time: 00:06:43

Health: 0/44       AC: 10    Str: 20    XL:     5   Next: 53%
Magic:  5/5        EV:  6    Int:  8    God:
Gold:   129        SH: 10    Dex: 11    Spells: 4/4 levels left

rFire    . . .     SeeInvis +   a - +0 war axe
rCold    . . .     Gourm    .   c - +0 shield
rNeg     . . .     Faith    .   j - +0 chain mail
rPois    .         Spirit   .   (helmet unavailable)
rElec    .         Reflect  .   g - +0 cloak
rCorr    .         Harm     .   (no gloves)
MR       .....                  (no boots)
Stlth    ..........             (no amulet)
Regen    0.2/turn               (no ring)
MPRegen  0.1/turn               (no ring)

@: no status effects
A: permanent stasis, dig shafts and tunnels, four strong arms, antennae 3
a: Dig, Shaft Self


You were on level 3 of the Dungeon.
You were hungry.

You visited 1 branch of the dungeon, and saw 3 of its levels.

You collected 129 gold pieces.

Inventory:

Hand Weapons
 a - a +0 war axe (weapon)
Armour
 b - a +0 scale mail
 c - a +0 shield (worn)
 g - a +0 cloak (worn)
 j - a +0 chain mail (worn)
Scrolls
 i - 3 scrolls of magic mapping
 l - a scroll of identify
 n - a scroll of enchant weapon
 o - 2 scrolls of remove curse {unknown}
Potions
 e - a potion of curing
 h - a potion of heal wounds
Comestibles
 f - 3 bread rations
 k - a royal jelly
 m - 2 fruits


   Skills:
 - Level 5.0 Fighting
 - Level 2.0 Axes
 - Level 3.2 Armour
 + Level 5.5 Shields


You had 4 spell levels left.
You didn't know any spells.

Dungeon Overview and Level Annotations

Branches:
Dungeon (3/15)

Altars:


Innate Abilities, Weirdness & Mutations

You cannot be hasted, slowed, berserked, paralysed or teleported.
You can dig through walls and to a lower floor.
Your four strong arms can wield two-handed weapons with a shield.
You have a pair of large antennae on your head. (SInv)


Message History

The orc warrior is moderately wounded.
The orc warrior hits you but does no damage.
You hit the orc warrior but do no damage.
The orc warrior is moderately wounded.
The orc warrior hits you with a mace!
* * * LOW HITPOINT WARNING * * *
You closely miss the orc warrior.
The orc warrior is moderately wounded.
The orc warrior hits you but does no damage.
You block the orc warrior's attack.
Your shield and chain mail prevent you from hitting the orc warrior.
The orc warrior is moderately wounded.
You block the orc warrior's attack.
You barely miss the orc warrior.
The orc warrior is moderately wounded.
You block the orc warrior's attack.
You hit the orc warrior but do no damage.
The orc warrior is moderately wounded.
The orc warrior hits you with a mace.
You die...

##### #...#
#################{#
.............(.{)>#
####...#########{##
####.#.## #o##
...#....# ##@#
#......##.# ###
##.##.....#
#.....##... #..#..#
## ##.#.....
#.#.##### # #)#.#
###.#


You could see an orc warrior.

Vanquished Creatures
  Natasha (D:2)
  4 adders
  An ooze (D:1)
  2 dart slugs
  5 leopard geckos (D:1)
  2 orcs (D:3)
  12 giant cockroaches
  5 hobgoblins
  A quokka (D:2)
  A ball python (D:1)
  10 bats
  3 frilled lizards (D:1)
  6 goblins
  11 kobolds
  5 rats
69 creatures vanquished.

Notes
Turn   | Place    | Note
-------+----------+-------------------------------------------
     0 | D:1      | grindst0ne the Formicid Fighter began the quest for the Orb.
     0 | D:1      | Reached XP level 1. HP: 18/18 MP: 1/1
     0 | D:1      | Upgraded the game from 0.20.0-6-gd3061e9 to 0.20.0-7-g3b7b877
    38 | D:1      | Reached XP level 2. HP: 3/25 MP: 2/2
    47 | D:1      | HP: 1/25 [bat (1)]
   262 | D:1      | Reached XP level 3. HP: 6/31 MP: 3/3
  1107 | D:2      | Reached skill level 5 in Fighting
  1107 | D:2      | Reached XP level 4. HP: 39/39 MP: 4/4
  1861 | D:3      | Noticed Natasha
  1880 | D:2      | Killed Natasha
  1880 | D:2      | Reached skill level 5 in Shields
  1880 | D:2      | Reached XP level 5. HP: 16/44 MP: 5/5
  2414 | D:3      | Noticed an orc warrior
  2429 | D:3      | Slain by an orc warrior

Skill      XL: |  1  2  3  4 |
---------------+-------------+-----
Fighting       | 4 5 |  5.0
Shields        | 5 |  5.5
Axes           | |  2.0
Armour         | |  3.2

Action                   |  1- 3 |  4- 6 || total
-------------------------+-------+-------++-------
Melee: War axe           |    87 |   142 ||   229
 Abil: Dig               |     2 |     2 ||     4
  Use: Potion            |     1 |     2 ||     3
       Scroll            |       |     3 ||     3
  Eat: Chunk             |     1 |     4 ||     5
Armor: Scale mail        |    49 |       ||    49
       Chain mail        |       |   118 ||   118
Dodge: Dodged            |    43 |    40 ||    83
Block: Shield            |    53 |   100 ||   153
